 Dungeon Crawl Stone Soup version 0.23.2-40-g277498a001 (webtiles) character file.

Game seed: 4175077046168286125

3489 ANON1729 the Chopper (level 10, -6/92 HPs)
             Began as a Naga Gladiator on Sept 23, 2019.
             Mangled by a chaos spawn (10 damage)
             ... summoned by a kobold demonologist
             ... on level 8 of the Dungeon.
             The game lasted 00:13:37 (9388 turns).

ANON1729 the Chopper (Naga Gladiator)               Turns: 9388, Time: 00:13:38

Health: -6/92      AC: 21    Str: 20    XL:     10   Next: 7%
Magic:  1/1        EV:  8    Int:  9    God:
Gold:   263        SH:  0    Dex: 12    Spells: 9/9 levels left

rFire    . . .     SeeInvis +   a - +0 war axe
rCold    . . .     Gourm    .   (no shield)
rNeg     . . .     Faith    .   G - +10 chain mail of Greed {rElec rPois Regen+ rCorr MP-9}
rPois    +         Spirit   .   c - +0 helmet
rElec    +         Reflect  .   A - +0 cloak
rCorr    +         Harm     .   (no gloves)
MR       +....                  (no barding)
Stlth    ..........             u - amulet of rage
HPRegen  0.65/turn              B - ring of stealth (curse)
MPRegen  0.07/turn              (no ring)

@: berserk cooldown, very slightly contaminated, slowed, invisible, very slow
A: large, see invisible, deformed body, poison resistance, slowness 2, slow
metabolism 1, spit poison 1, AC +3
a: Spit Poison, Evoke Berserk Rage


You were on level 8 of the Dungeon.
You were very hungry.

You visited 2 branches of the dungeon, and saw 9 of its levels.

You collected 344 gold pieces.
You spent 81 gold pieces at shops.

Inventory:

Hand Weapons
 a - a +0 war axe (weapon)
 z - a +3 quarterstaff of chaos
Missiles
 d - 3 throwing nets (quivered)
Armour
 b - a +0 leather armour
 c - a +0 helmet (worn)
 A - a +0 cloak (worn)
 G - the +10 chain mail of Greed (worn) {rElec rPois Regen+ rCorr MP-9}
   (You found it on level 6 of the Dungeon)

   It insulates you from electricity.
   It protects you from poison.
   It affects your magic capacity (-9).
   It increases your rate of regeneration.
   It provides partial protection from all sources of acid and corrosion.
Jewellery
 u - an amulet of rage (around neck)
 B - a cursed ring of stealth (left hand)
Wands
 C - a wand of digging (3)
 I - a wand of flame (27)
 J - a wand of random effects (14)
Scrolls
 e - 3 scrolls of enchant armour
 h - 5 scrolls of remove curse
 j - 4 scrolls of amnesia
 m - 3 scrolls of teleportation
 n - 2 scrolls of fog {unknown}
 o - 2 scrolls of magic mapping {unknown}
 p - 3 scrolls of fear {unknown}
 w - 2 scrolls of immolation {unknown}
 y - a scroll of enchant weapon {unknown}
 E - a scroll of random uselessness {unknown}
 H - a scroll of brand weapon {unknown}
Potions
 i - 5 potions of haste
 k - 4 potions of curing
 l - a potion of brilliance {unknown}
 q - a potion of magic {unknown}
 r - a potion of might {unknown}
 s - a potion of berserk rage
 t - 4 potions of heal wounds
 v - a potion of mutation {unknown}
 x - a potion of cancellation {unknown}
 D - 2 potions of lignification {unknown}
 F - 3 potions of flight
Comestibles
 f - 15 rations


   Skills:
 + Level 6.7 Fighting
 + Level 7.1 Axes
 + Level 6.0 Throwing
 * Level 4.5 Armour
 + Level 5.9 Dodging


You had 9 spell levels left.
You didn't know any spells.
Your spell library contained the following spells:

 Spells                   Type           Power        Failure   Level  Hunger
 Animate Skeleton         Necr           N/A          98%         1    ##.....
 Apportation              Tloc           #.....       98%         1    ##.....
 Confusing Touch          Hex            #.....       98%         1    ##.....
 Summon Small Mammal      Summ           #...         98%         1    ##.....
 Confuse                  Hex            #.......     100%        3    ####...
 Gell's Gravitas          Tloc           #.........   100%        3    ####...
 Petrify                  Tmut/Erth      #.......     100%        4    #####..
 Metabolic Englaciation   Hex/Ice        #.........   100%        5    ######.
 Yara's Violent Unravell  Hex/Tmut       #.........   100%        5    ######.


Dungeon Overview and Level Annotations

Branches:
Dungeon (8/15)             Temple (1/1) D:6
   Lair: D:8-11

Altars:
Cheibriados
Dithmenos
Elyvilon
Fedhas
Gozag
Hepliaklqana
Kikubaaqudgha
Nemelex Xobeh
Okawaru
Qazlal
Ru
Sif Muna
Trog
Wu Jian
Xom
Yredelemnul
The Shining One

Shops:
D:6 *


Innate Abilities, Weirdness & Mutations

You cannot wear boots.
Your serpentine skin is tough. (AC +3)
You have supernaturally acute eyesight. (SInv)
Armour fits poorly on your strangely shaped body.
Your system is resistant to poisons. (rPois)
You cover ground very slowly.
You have a slow metabolism.
You can spit poison.


Message History

The kobold demonologist closely misses you.
The quasit bites you but does no damage.
The quasit claws you but does no damage.
The quasit barely misses you. The ice devil closely misses you.
The chaos spawn gores you.
* * * LOW HITPOINT WARNING * * *
You feel a strange surge of energy!
Unknown command.
Unknown command.
The ufetubus disappears in a puff of smoke!
The chaos spawn gores you!
* * * LOW HITPOINT WARNING * * *
The chaos spawn freezes you!
* * * LOW HITPOINT WARNING * * *
The quasit barely misses you.
The quasit claws you but does no damage. x2
The kobold throws a stone.
The stone hits the quasit but does no damage.
The chaos spawn hits you!
You die...

#......# #..# .#
+###......###... ...#
#.# ...............
...##..##
..............#
...#.... ....a....#...
....... #..........#
...#.. #.#####...†##..#
...#.# #.......K4K##..#
# <..#.# #.
##.#@4K#)K5)###..#
.....#
#.###...45.K!..(...#
##.>##
#........K###§##.......
#..###
#.........#............
#...^##
#......(........#..#...
#..#..#
#.##..#.....#####.## ##
####''###...........#
KK #......#.#........##
.. #..[...#....†.#..##


OK You could see an orange demon, an ice devil, 2 kobold demonologists, a chaos
spawn, a big kobold, a worker ant (wandering), a quasit and 2 kobolds.

Vanquished Creatures
  A two-headed ogre (D:8)
  2 hornets (D:7)
  Sigmund (D:5)
  A spriggan (D:7)
  An orc warrior (D:7)
  2 ice beasts
  An ogre (D:6)
  2 phantoms
  4 centaurs
  2 bullfrogs (D:7)
  2 scorpions (D:7)
  4 wights (D:7)
  6 howler monkeys
  A crimson imp (D:7)
  4 orc priests
  2 hounds
  Crazy Yiuf (D:2)
  3 bullfrog skeletons
  4 worker ants
  4 gnolls
  11 adders
  3 shadow imps
  An ooze (D:2)
  An adder zombie (D:5)
  An adder skeleton (D:5)
  A worm (D:3)
  3 dart slugs
  7 leopard geckos
  14 orcs
  A giant cockroach (D:4)
  7 goblins
  5 hobgoblins
  5 jackals (D:1)
  8 kobolds
  4 quokkas
  A ball python skeleton (D:4)
  3 bats
  6 frilled lizards
  3 leopard gecko skeletons
  A leopard gecko zombie (D:5)
  A quokka skeleton (D:4)
  7 rats
142 creatures vanquished.

Notes
Turn   | Place    | Note
-------+----------+-------------------------------------------
     0 | D:1      | ANON1729 the Naga Gladiator began the quest for the Orb.
     0 | D:1      | Reached XP level 1. HP: 19/19 MP: 1/1
   213 | D:1      | Reached XP level 2. HP: 15/26 MP: 2/2
  1087 | D:1      | Reached XP level 3. HP: 33/33 MP: 3/3
  2041 | D:2      | Found a runed translucent door.
  2042 | D:2      | Noticed Crazy Yiuf
  2513 | D:3      | Reached XP level 4. HP: 28/40 MP: 4/4
  2840 | D:3      | Found a faded altar of an unknown god.
  3002 | D:3      | Found a sacrificial altar of Ru.
  3193 | D:3      | Reached XP level 5. HP: 13/49 MP: 5/5
  3749 | D:3      | Noticed a centaur
  3756 | D:3      | Killed a centaur
  3756 | D:3      | Reached skill level 4 in Axes
  4042 | D:2      | Killed Crazy Yiuf
  4042 | D:2      | Reached XP level 6. HP: 56/56 MP: 6/6
  4435 | D:4      | Noticed a phantom
  4459 | D:4      | Killed a phantom
  4911 | D:4      | Noticed an ice beast
  4930 | D:4      | Killed an ice beast
  4930 | D:4      | Reached XP level 7. HP: 28/64 MP: 7/7
  5424 | D:5      | Entered Level 5 of the Dungeon
  5442 | D:5      | Noticed Sigmund
  5453 | D:5      | Killed Sigmund
  5453 | D:5      | Reached skill level 5 in Axes
  6088 | D:5      | Reached XP level 8. HP: 35/73 MP: 8/8
  6476 | D:5      | Reached skill level 5 in Fighting
  7262 | D:6      | Found a staircase to the Ecumenical Temple.
  7298 | Temple   | Entered the Ecumenical Temple
  7615 | D:6      | Got a warped chain mail
  7627 | D:6      | Identified the +10 chain mail of Greed {rElec rPois Regen+
                  | rCorr MP-9} (You found it on level 6 of the Dungeon)
  7795 | D:6      | Reached skill level 6 in Axes
  7936 | D:6      | Found Biolutti's Assorted Antiques.
  7944 | D:6      | Bought a viscous golden potion for 25 gold pieces
  7944 | D:6      | Bought a scroll labeled TOFIUN SYQESTRE for 28 gold pieces
  7944 | D:6      | Bought a scroll labeled YTHOIC LOBLEA for 28 gold pieces
  8146 | D:7      | Found a blossoming altar of Fedhas.
  8195 | D:7      | Reached skill level 5 in Throwing
  8203 | D:7      | Reached skill level 1 in Armour
  8203 | D:7      | Reached skill level 5 in Dodging
  8277 | D:7      | Reached XP level 9. HP: 81/82 MP: 0/9
  8383 | D:7      | Found a stormy altar of Qazlal.
  8428 | D:7      | Noticed a hornet
  8446 | D:7      | Killed a hornet
  8640 | D:7      | Noticed a hornet
  8652 | D:7      | Killed a hornet
  8684 | D:6      | Found a sparkling altar of Nemelex Xobeh.
  8684 | D:6      | Found a basalt altar of Yredelemnul.
  8687 | D:6      | Found an ornate altar of the Wu Jian Council.
  9352 | D:8      | Noticed a kobold demonologist
  9353 | D:8      | Noticed a kobold demonologist
  9357 | D:8      | Noticed a two-headed ogre
  9380 | D:8      | Killed a two-headed ogre
  9380 | D:8      | Reached skill level 7 in Axes
  9380 | D:8      | Reached XP level 10. HP: 66/92 MP: 1/10
  9383 | D:8      | Noticed an orange demon
  9388 | D:8      | HP: 4/92 [chaos spawn[a kobold demonologist] (14)]
  9388 | D:8      | Mangled by a chaos spawn

Skill      XL: |  1  2  3  4  5  6  7  8  9 |
---------------+----------------------------+-----
Throwing       | 2 3 4 5 6 |  6.0
Fighting       | 3 4 5 6 |  6.7
Dodging        | 3 4 5 |  5.9
Axes           | 4 5 6 7 |  7.1
Armour         | 1 4 |  4.5

Action                   |  1- 3 |  4- 6 |  7- 9 | 10-12 || total
-------------------------+-------+-------+-------+-------++-------
Melee: War axe           |   127 |   171 |   300 |     2 ||   600
 Abil: Evoke Berserk Rag |       |     2 |     8 |       ||    10
       Spit Poison       |       |     1 |     5 |       ||     6
Evoke: Wand              |       |       |       |     3 ||     3
  Use: Scroll            |       |     1 |     7 |       ||     8
       Potion            |       |       |     1 |       ||     1
 Stab: Sleeping          |     2 |       |     3 |       ||     5
  Eat: Chunk             |     3 |     8 |    16 |       ||    27
       Ration            |       |       |     1 |       ||     1
Armor: Leather armour    |    31 |    61 |    48 |       ||   140
       Chain mail        |       |       |   174 |    14 ||   188
Dodge: Dodged            |    83 |   113 |   171 |    12 ||   379
